 Dungeon Crawl Stone Soup version 0.28-a0-1447-ga5a8893891 (webtiles) character file.

Game seed: 16673545807279027761

672 rogsnak the Conjurer (level 7, -2/47 HPs)
             Began as a Demonspawn Air Elementalist on Jan 10, 2022.
             Was a Follower of Sif Muna.
             Succumbed to a kobold brigand's curare-tipped dart
             ... in a sewer.
             The game lasted 00:11:46 (5230 turns).

rogsnak the Conjurer (Demonspawn Air Elementalist)  Turns: 5230, Time: 00:11:46

Health: -2/47      AC:  2    Str:  9    XL:     7   Next: 32%
Magic:  11/13      EV: 12    Int: 18    God:    Sif Muna [*.....]
Gold:   200        SH:  6    Dex: 13    Spells: 6/14 levels left

rFire   . . .      SeeInvis +   u - staff of conjuration
rCold   . . .      Faith    +   (no shield)
rNeg    . . .      Spirit   .   a - +0 robe
rPois   .          Reflect  .   (no helmet)
rElec   .          Harm     .   (no cloak)
rCorr   .          Rampage  .   (no gloves)
Will    .....                   (no boots)
Stlth   ++........              i - amulet of faith
HPRegen 0.15/turn               D - ring of see invisible
MPRegen 0.13/turn               (no ring)

@: mighty, lethally poisoned (-2 -> -38), slowed, very slow
A: large bone plates 2, demonic guardian 1, powered by pain 1, weakness stinger
1
a: Renounce Religion, Channel Magic


You were in a sewer.
You worshipped Sif Muna.
Sif Muna was aware of your devotion.
You visited 2 branches of the dungeon, and saw 6 of its levels.
You also visited: Sewer.

You collected 200 gold pieces.

Inventory:

Hand Weapons
 e - a +0 short sword
 m - a +0 dagger of venom
 C - a +2 vorpal flail
Missiles
 f - 19 poisoned darts
Armour
 a - a +0 robe (worn)
 r - a +3 scale mail
 B - a +2 leather armour of fire resistance
Magical Staves
 u - a staff of conjuration (weapon)
Jewellery
 i - an amulet of faith (around neck)
 D - a ring of see invisible (left hand)
Wands
 z - a wand of acid (7)
 A - a wand of paralysis (11)
Scrolls
 b - 2 scrolls of fog {unknown}
 c - a scroll of enchant armour {unknown}
 d - 2 scrolls of fear {unknown}
 g - a scroll of torment {unknown}
 j - a scroll of vulnerability {unknown}
 k - a scroll of immolation
 l - 4 scrolls of identify {unknown}
 q - a scroll of holy word {unknown}
 s - a scroll of noise {unknown}
 v - a scroll of teleportation {unknown}
 x - a scroll of amnesia {unknown}
 y - a scroll of summoning {unknown}
Potions
 h - a potion of magic {unknown}
 n - a potion of flight {unknown}
 o - 3 potions of haste {unknown}
 p - 2 potions of degeneration {unknown}
 t - 2 potions of mutation {unknown}
 w - a potion of cancellation {unknown}


   Skills:
 + Level 0.6 Fighting
 + Level 2.3 Dodging
 - Level 1.7 Stealth
 + Level 0.2 Shields
 + Level 4.2 Spellcasting
 * Level 5.1 Conjurations
 + Level 4.4 Air Magic


You had 6 spell levels left.
You knew the following spells:

 Your Spells              Type           Power      Damage    Failure   Level
a - Shock                 Conj/Air       100%       1d9       1%          1
b - Swiftness             Air            19%        N/A       7%          3
c - Airstrike             Air            9%         N/A       22%         4

Your spell library contained the following spells:

 Spells                   Type           Power      Damage    Failure   Level
 Static Discharge         Conj/Air       31%        N/A       3%          2
 Slow                     Hex            12%        N/A       14%         1
 Call Canine Familiar     Summ           3%         N/A       41%         3
 Confusing Touch          Hex            3%         N/A       41%         3
 Portal Projectile        Hex/Tloc       6%         N/A       41%         3
 Vampiric Draining        Necr           3%         2d6       41%         3
 Summon Lightning Spire   Summ/Air       11%        N/A       50%         4
 Leda's Liquefaction      Hex/Erth       1%         N/A       82%         4
 Storm Form               Tmut/Air       5%         N/A       100%        7
 Maxwell's Capacitive Co  Air            9%         ∞         100%        8


Dungeon Overview and Level Annotations

Branches:
Dungeon (5/15)             Temple (1/1) D:4           Sewer (1/1)

Altars:
Ashenzari
Cheibriados
Dithmenos
Elyvilon
Fedhas
Kikubaaqudgha
Nemelex Xobeh
Okawaru
Qazlal
Ru
Sif Muna
Trog
Uskayaw
Wu Jian
Xom
Yredelemnul
Zin


Innate Abilities, Weirdness & Mutations

You are mostly covered in large bone plates. (SH +6)
A weak demonic guardian rushes to your aid.
You sometimes gain a little power by taking damage.
You have a small tail.


Message History

Casting: Airstrike (quite dangerous; 22% risk of failure)
Confirm with . or Enter, or press ? or * to list all spells.
Aiming: Shock (safe; 1% risk of failure)
Press: ? - help, Shift-Dir - straight line, f/p - kobold brigand
Aim: a kobold brigand, wielding a +0 short sword and quivering curare-tipped darts (heavily wounded, ally target, 67% to hit)
You feel a surge of power!
Your demonic guardian avoids your attack.
The zap misses the kobold brigand.
The zap hits the plant.
The plant is lightly damaged.
The zap hits the plant!
The plant is lightly damaged.
You focus on the pain.
You feel your power returning.
You feel extremely sick.
A nearby plant withers and dies.
Your shadow imp closely misses the kobold brigand.
The kobold brigand throws a curare-tipped dart.
The curare-tipped dart completely misses your shadow imp.
The curare-tipped dart hits you.
You are more poisoned.
You have difficulty breathing.
* * * LOW HITPOINT WARNING * * *
You focus on the pain.
You feel very mighty all of a sudden.
You feel as though you will be slow longer.
Your shadow imp misses the kobold brigand.
Your shadow imp hits the kobold brigand.
Casting: Shock (safe; 1% risk of failure)
Confirm with . or Enter, or press ? or * to list all spells.
The spell is quite dangerous to miscast (22% risk of failure)!
Continue anyway?
Okay, then.
Casting: Airstrike (quite dangerous; 22% risk of failure)
Confirm with . or Enter, or press ? or * to list all spells.
Aiming: Shock (safe; 1% risk of failure)
Press: ? - help, Shift-Dir - straight line, f/p - kobold brigand
Aim: a kobold brigand, wielding a +0 short sword and quivering curare-tipped darts (heavily wounded, ally target, 67% to hit)
You feel a surge of power!
Your demonic guardian avoids your attack.
The zap hits the kobold brigand.
The kobold brigand is severely wounded.
You die...

#########
###≈≈#≈#≈≈#
##≈≈≈≈#≈#≈≈#
##≈≈≈≈≈#≈#≈≈#
#≈≈≈≈≈.#≈#.P#
#≈≈....#≈#..#
##...∩∩.....##
#..55@....###
#..K#######
#...†≈≈≈≈≈≈
#P..#######
#≈.≈..#
##..≈).#
#...≈...
##.≈..≈≈≈≈
≈≈≈≈#≈#≈.


You could see a kobold brigand (ally target) and 2 friendly shadow imps.

Vanquished Creatures
  A necrophage (D:5)
  A centaur (D:5)
  A bullfrog (D:5)
  A scorpion (D:4)
  A water moccasin skeleton (D:5)
  An orc priest (D:4)
  A centaur skeleton (D:3)
  2 iguanas
  2 hound skeletons
  3 adders
  2 river rats
  A white imp (D:5)
  An adder skeleton (D:4)
  A worm (D:2)
  4 dart slugs
  9 orcs
  4 bats
  4 endoplasms
  5 giant cockroaches
  8 goblins
  5 hobgoblins
  6 jackals (D:2)
  2 quokkas
  5 ball pythons
  7 frilled lizards
  5 kobolds
  6 rats
89 creatures vanquished.

Vanquished Creatures (collateral kills)
  A howler monkey (D:2)
  An adder (D:2)
  A dart slug (D:2)
3 creatures vanquished.

Vanquished Creatures (others)
  5 plants (Sewer)
5 creatures vanquished.

Grand Total: 97 creatures vanquished

Notes
Turn   | Place    | Note
-------+----------+-------------------------------------------
     0 | D:1      | rogsnak the Demonspawn Air Elementalist began the quest for
                  | the Orb.
     0 | D:1      | Reached XP level 1. HP: 13/13 MP: 3/3
   420 | D:1      | Gained mutation: A weak demonic guardian rushes to your
                  | aid. [demonic ancestry]
   420 | D:1      | Reached XP level 2. HP: 19/19 MP: 0/5
   533 | D:1      | Found a faded altar of an unknown god.
  1166 | D:2      | Noticed a howler monkey
  1187 | D:2      | Killed a howler monkey
  1188 | D:2      | Reached skill level 2 in Conjurations
  1188 | D:2      | Reached XP level 3. HP: 5/24 MP: 0/6
  1191 | D:2      | Gained mutation: You are partially covered in large bone
                  | plates. (SH +4) [demonic ancestry]
  1191 | D:2      | Reached XP level 4. HP: 6/30 MP: 1/7
  1967 | D:2      | Learned a level 3 spell: Swiftness
  1972 | D:2      | Learned a level 4 spell: Airstrike
  2435 | D:3      | Reached skill level 3 in Conjurations
  2435 | D:3      | Gained mutation: You have a small tail. [demonic ancestry]
  2435 | D:3      | Reached XP level 5. HP: 25/35 MP: 3/9
  3406 | D:4      | Found a staircase to the Ecumenical Temple.
  3416 | Temple   | Entered the Ecumenical Temple
  3583 | Temple   | Became a worshipper of Sif Muna the Loreminder
  4011 | D:4      | Found an ornate altar of the Wu Jian Council.
  4080 | D:4      | Found an ancient bone altar of Kikubaaqudgha.
  4292 | D:4      | Found a sacrificial altar of Ru.
  4628 | D:4      | Gained mutation: You are mostly covered in large bone
                  | plates. (SH +6) [demonic ancestry]
  4628 | D:4      | Reached XP level 6. HP: 35/41 MP: 7/11
  4724 | D:5      | Entered Level 5 of the Dungeon
  4740 | D:5      | Reached skill level 4 in Conjurations
  4888 | D:5      | Reached * piety under Sif Muna
  4941 | D:5      | Gained mutation: You sometimes gain a little power by
                  | taking damage. [demonic ancestry]
  4941 | D:5      | Reached XP level 7. HP: 43/47 MP: 6/13
  4943 | D:5      | Reached skill level 5 in Conjurations
  5086 | D:5      | Found a glowing drain.
  5118 | Sewer    | Entered a sewer
  5230 | Sewer    | Succumbed to a kobold brigand's curare-tipped dart

Illustrated notes

Levels and vault maps discovered:
D:1:      sevenhm_arrival_forest_fort_large_2, layout_basic,
          hellmonk_ecumenical_altar_blasted
D:2:      layout_loops_ring
D:3:      layout_loops_ring, kennysheep_generic_room_7
D:4:      layout_basic, mainiacjoe_overflow_cross_hatched,
          chequers_temple_overflow_statue_of_worship,
          nicolae_overflow_crystal_walls, minmay_temple_entry_statues_pillars,
          corexii_corridor_pit
D:5:      kennysheep_big_flooded_room, layout_basic, gup_sewer_entry_bubbles,
          st_stairs_5
Temple:   oiseaux_autumnal_temple
Sewer:    sewer_co_scattered_pipes

Skill      XL: |  1  2  3  4  5  6  7 |
---------------+----------------------+-----
Air Magic      | 3 4 |  4.4
Conjurations   | 2 3 4 5 |  5.1
Dodging        | 2 |  2.3
Spellcasting   | 3 4 |  4.2
Fighting       | |  0.6
Stealth        | |  1.7
Shields        | |  0.2

Action                   |  1- 3 |  4- 6 |  7- 9 || total
-------------------------+-------+-------+-------++-------
Melee: Unarmed           |     6 |       |       ||     6
       Dagger            |     6 |    18 |       ||    24
       Short sword       |     2 |       |       ||     2
       Staff             |       |     2 |       ||     2
       Punch             |       |     1 |       ||     1
 Cast: Shock             |    37 |   136 |    24 ||   197
       Airstrike         |       |       |     1 ||     1
Armor: Robe              |     1 |     4 |       ||     5
Dodge: Dodged            |     7 |    17 |     2 ||    26
Block: Other             |       |     9 |       ||     9

Table legend: (Time is in decaauts)
 A = Elapsed time spent in this place.
 B = Non-inter-level travel time spent in this place.
 C = Inter-level travel time spent in this place.
 D = Time resting spent in this place.
 E = Time spent auto-exploring this place.
 F = Levels seen in this place.
 G = Mean time per level.
                   A        B        C        D        E       F      G
               +--------+--------+--------+--------+--------+-----+--------+
         Total |   5253 |   5179 |     74 |    958 |   3230 |   7 |  750.4 |
       Dungeon |   4940 |   4866 |     74 |    900 |   3083 |   5 |  988.0 |
        Temple |    194 |    194 |      0 |      0 |    147 |   1 |  194.0 |
         Sewer |    118 |    118 |      0 |     58 |      0 |   1 |  118.0 |
               +--------+--------+--------+--------+--------+-----+--------+

Top non-repeatable levels by time:
     D:2: 1485 daAuts
     D:4: 1144 daAuts
     D:3: 962 daAuts
     D:1: 939 daAuts
     D:5: 408 daAuts
  Temple: 194 daAuts
   Sewer: 118 daAuts
